 Dungeon Crawl Stone Soup version 0.26-a0-639-g72c4674329 (webtiles) character file.

Game seed: 17292750529114091330

17266 Apogee the Fighter (level 12, -2/126 HPs)
             Began as a Troll Hunter on Sept 25, 2020.
             Was the Champion of Okawaru.
             Slain by a nine-headed hydra (11 damage)
             ... on level 12 of the Dungeon.
             The game lasted 00:21:26 (10262 turns).

Apogee the Fighter (Troll Hunter)                  Turns: 10262, Time: 00:21:27

Health: -2/126     AC:  8    Str: 24    XL:     12   Next: 17%
Magic:  14/14      EV: 13    Int: 10    God:    Okawaru [******]
Gold:   632        SH: 13    Dex: 10    Spells: 11/11 levels left

rFire    + . .     SeeInvis .     - Unarmed
rCold    + . .     Faith    .   y - +2 kite shield
rNeg     + . .     Spirit   .   w - +2 robe {rN+}
rPois    .         Reflect  .   U - +0 hat {MR+}
rElec    .         Harm     .   M - scarf {rC+ rF+}
rCorr    .         Rampage  .   (gloves unavailable)
MR       ++...                  (boots unavailable)
Stlth    +.........             (no amulet)
HPRegen  0.71/turn              a - +4 ring of evasion
MPRegen  0.14/turn              l - ring of protection from magic

@: no status effects
A: large, unfitting armour, claws 3, regeneration 1, shaggy fur 1, tough skin 3
a: Heroism, Finesse, Renounce Religion


You were on level 12 of the Dungeon.
You worshipped Okawaru.
Okawaru was exalted by your worship.
You visited 4 branches of the dungeon, and saw 15 of its levels.
You also visited: Ossuary.

You collected 684 gold pieces.
You spent 52 gold pieces at shops.

Inventory:

Hand Weapons
 E - a +6 flail of protection
   (You took it off Edmund on level 4 of the Dungeon)
Missiles
 d - 4 throwing nets {!f}
 e - 4 boomerangs
 g - 10 javelins
 n - 314 stones
 O - 7 silver boomerangs
 Q - 3 large rocks (quivered)
 S - 44 poisoned darts
Armour
 w - a +2 robe of positive energy (worn)
   (You found it on level 12 of the Dungeon)
 y - a +2 kite shield (worn)
   (You found it on level 3 of the Dungeon)
 M - a scarf of resistance (worn)
   (You found it on level 7 of the Dungeon)
 U - a +0 hat of magic resistance (worn)
   (Okawaru gifted it to you on level 11 of the Dungeon)
Jewellery
 a - a +4 ring of evasion (left claw)
   (You found it on level 11 of the Dungeon)
 i - an uncursed amulet of faith {!P}
   (You found it on level 1 of the Dungeon)
 l - a ring of protection from magic (right claw)
   (You found it on level 11 of the Dungeon)
 z - an uncursed ring of see invisible
   (You found it on level 1 of the Dungeon)
 T - an uncursed ring of flight
   (You found it on level 11 of the Dungeon)
 Y - an uncursed ring of magical power
   (You found it on level 11 of the Dungeon)
Wands
 c - a wand of disintegration (19)
   (You found it on level 9 of the Dungeon)
 t - a wand of flame (9)
   (You found it on level 3 of the Dungeon)
 v - a wand of digging (4)
   (You found it on level 8 of the Dungeon)
 x - a wand of acid (10)
   (You found it on level 11 of the Dungeon)
 I - a wand of polymorph (15)
   (You found it on level 5 of the Dungeon)
Scrolls
 f - 4 scrolls of enchant weapon
 j - 6 scrolls of enchant armour
 k - a scroll of noise {unknown}
 o - 4 scrolls of teleportation {@r4}
 p - 6 scrolls of remove curse {@r2}
 q - 6 scrolls of amnesia
 r - 5 scrolls of magic mapping
 B - 5 scrolls of fog
 D - a scroll of brand weapon {unknown}
 F - 2 scrolls of fear {unknown}
 G - 2 scrolls of random uselessness {unknown}
 K - a scroll of holy word {unknown}
 V - a scroll of silence {unknown}
 X - a scroll of acquirement {unknown}
 Z - a scroll of torment {unknown}
Potions
 b - 2 potions of flight
 h - 3 potions of lignification {!q}
 m - a potion of heal wounds {@q2}
 s - 3 potions of magic
 u - 2 potions of ambrosia
 A - 6 potions of resistance
 C - 2 potions of mutation {!q}
 H - a potion of might
 J - a potion of invisibility {unknown}
 L - 2 potions of haste {@q3}
 N - 3 potions of curing {@q1}
 R - a potion of degeneration {unknown}
 W - 2 potions of berserk rage
Miscellaneous
 P - a condenser vane (2/2)
   (You found it on level 12 of the Dungeon)


   Skills:
 * Level 10.2 Fighting
 + Level 8.6 Throwing
 - Level 1.5 Dodging
 - Level 0.3 Stealth
 + Level 7.9 Shields
 + Level 9.2 Unarmed Combat
 - Level 4.0 Invocations


You had 11 spell levels left.
You didn't know any spells.
Your spell library contained the following spells:

 Spells                   Type           Power        Failure   Level
 Animate Skeleton         Necr           #.....       43%         1
 Pain                     Necr           #...         43%         1
 Summon Small Mammal      Summ           #...         43%         1
 Call Imp                 Summ           #.......     58%         2
 Corpse Rot               Necr/Air       N/A          58%         2
 Call Canine Familiar     Summ           #.......     82%         3
 Stone Arrow              Conj/Erth      #.....       82%         3
 Summon Guardian Golem    Hex/Summ       #.......     82%         3
 Vampiric Draining        Necr           #.........   82%         3
 Animate Dead             Necr           #.........   99%         4
 Cause Fear               Hex            #.........   99%         4
 Summon Ice Beast         Ice/Summ       #.......     99%         4
 Summon Lightning Spire   Summ/Air       #.......     99%         4
 Agony                    Necr           #.......     100%        5
 Silence                  Hex/Air        #.........   100%        5
 Summon Forest            Summ/Tloc      #.........   100%        5
 Yara's Violent Unravell  Hex/Tmut       #.........   100%        5
 Eringya's Noxious Bog    Tmut/Pois      #.........   100%        6
 Hydra Form               Tmut           #.........   100%        6
 Summon Hydra             Summ           #.........   100%        7
 Discord                  Hex            #.........   100%        8


Dungeon Overview and Level Annotations

Branches:
Dungeon (12/15)            Temple (1/1) D:7            Lair (1/6) D:10
    Orc (1/2) D:9         Ossuary (visited)

Altars:
Ashenzari
Cheibriados
Dithmenos
Elyvilon
Fedhas
Gozag
Hepliaklqana
Kikubaaqudgha
Makhleb
Nemelex Xobeh
Okawaru
Qazlal
Ru
Sif Muna
Trog
Uskayaw
Vehumet
Wu Jian
Xom
Yredelemnul
Zin
The Shining One

Shops:
D:7 !   D:10 =   D:11 *


Innate Abilities, Weirdness & Mutations

You are too large for most types of armour.
You have claws for hands.
Your natural rate of healing is unusually fast.
You are covered in fur. (AC +1)
You have extremely tough skin. (AC +3)


Message History

An eight-headed hydra is nearby!
You rip one of the eight-headed hydra's heads off!
The seven-headed hydra grows two more!
You mangle the nine-headed hydra!!
Unknown command.
Throwing (i - inventory. (/) - cycle)
Q - 5 large rocks (quivered)
Aim: a nine-headed hydra (moderately wounded)
You throw a large rock.
The large rock hits the nine-headed hydra!!
The nine-headed hydra closely misses you.
The nine-headed hydra bites you. x2
You block the nine-headed hydra's attack. x2
The nine-headed hydra closely misses you.
You block the nine-headed hydra's attack.
The nine-headed hydra bites you. x2
You block the nine-headed hydra's attack.
The nine-headed hydra bites you! x2
You block the nine-headed hydra's attack.
The nine-headed hydra bites you but does no damage.
The nine-headed hydra bites you!
The nine-headed hydra bites you but does no damage.
The nine-headed hydra bites you!!
* * * LOW HITPOINT WARNING * * *
The nine-headed hydra bites you but does no damage.
Throwing (i - inventory. (/) - cycle)
Q - 4 large rocks (quivered)
Aim: a nine-headed hydra (severely wounded)
You throw a large rock.
The large rock hits the nine-headed hydra!
The nine-headed hydra barely misses you.
The nine-headed hydra bites you!
* * * LOW HITPOINT WARNING * * *
The nine-headed hydra bites you but does no damage.
You block the nine-headed hydra's attack.
The nine-headed hydra bites you but does no damage.
You block the nine-headed hydra's attack.
The nine-headed hydra bites you!
* * * LOW HITPOINT WARNING * * *
You block the nine-headed hydra's attack.
The nine-headed hydra barely misses you.
The nine-headed hydra bites you but does no damage.
You block the nine-headed hydra's attack.
The nine-headed hydra bites you!
* * * LOW HITPOINT WARNING * * *
The nine-headed hydra misses you. The nine-headed hydra bites you!
* * * LOW HITPOINT WARNING * * *
The nine-headed hydra barely misses you.
The nine-headed hydra bites you but does no damage.
The nine-headed hydra bites you.
* * * LOW HITPOINT WARNING * * *
The nine-headed hydra bites you!
You die...

....## .....#
.....# .....#
##.....# #......#
##D.....#
#.@....#
##..#..## #..##
.#
##############.##
#
..#........##..#
#...........#.##
####..........#
#..........##
##..........#


You could see a nine-headed hydra.

Vanquished Creatures
  Josephine (D:10)
  A hydra (D:11)
  A death knight (D:11)
  Harold (D:10)
  3 two-headed ogres
  A skeletal warrior (D:11)
  An unseen horror (D:10)
  3 ugly things
  A gargoyle (D:10)
  A komodo dragon (D:10)
  A kobold demonologist (D:11)
  A freezing wraith (D:11)
  A hornet (D:10)
  2 trolls
  3 slime creatures (D:12)
  3 hippogriffs
  4 shadows
  2 wyverns
  5 wraiths
  9 yaks
  Edmund (D:4)
  3 orc warriors
  2 phantoms
  An eye of draining (D:9)
  4 ogres
  2 centaurs
  A necrophage (D:10)
  A crocodile (D:10)
  2 elf zombies (Ossuary)
  3 big kobolds
  10 bullfrogs
  A troll zombie (D:9)
  4 scorpions
  3 killer bees (D:6)
  7 howler monkeys
  3 centaur zombies (Ossuary)
  A human zombie (Ossuary)
  2 jellies
  2 quasits
  2 centaur skeletons
  2 orc priests
  A bullfrog skeleton (D:4)
  6 hounds
  6 orc wizards
  3 iguanas
  Natasha (twice) (D:3)
  7 worker ants
  2 big kobold zombies (Ossuary)
  5 ogre zombies (D:9)
  A hound zombie (D:5)
  2 mummies (Ossuary)
  Robin (D:3)
  16 adders
  2 shadow imps
  A white imp (D:8)
  An ufetubus (D:6)
  An adder skeleton (D:8)
  4 adder zombies
  7 dart slugs
  6 leopard geckos
  37 orcs
  2 ball pythons
  8 giant cockroaches
  19 hobgoblins
  13 jackals
  18 kobolds
  3 quokkas
  8 bats
  4 frilled lizards
  A giant cockroach zombie (D:5)
  15 goblins
  2 goblin skeletons (D:9)
  3 goblin zombies
  2 hobgoblin skeletons (D:9)
  12 hobgoblin zombies
  A jackal zombie (Ossuary)
  10 kobold zombies (Ossuary)
  A leopard gecko zombie (D:5)
  An orc skeleton (D:9)
  15 orc zombies
  5 rats
  A rat zombie (Ossuary)
357 creatures vanquished.

Vanquished Creatures (others)
  3 plants (D:10)
3 creatures vanquished.

Grand Total: 360 creatures vanquished

Notes
Turn   | Place    | Note
-------+----------+-------------------------------------------
     0 | D:1      | Apogee the Troll Hunter began the quest for the Orb.
     0 | D:1      | Reached XP level 1. HP: 19/19 MP: 0/0
    71 | D:1      | Reached XP level 2. HP: 28/28 MP: 1/1
    76 | D:1      | Reached skill level 1 in Unarmed Combat
    84 | D:1      | Reached skill level 2 in Fighting
   185 | D:1      | Reached XP level 3. HP: 35/35 MP: 2/2
   915 | D:2      | Reached XP level 4. HP: 44/44 MP: 3/3
  1612 | D:3      | Noticed Robin
  1632 | D:3      | Killed Robin
  1632 | D:3      | Reached skill level 3 in Fighting
  1632 | D:3      | Reached XP level 5. HP: 30/53 MP: 4/4
  1778 | D:3      | Noticed Natasha
  1785 | D:3      | Killed Natasha
  1883 | D:3      | Noticed Natasha
  1894 | D:3      | Killed Natasha
  2292 | D:4      | Noticed Edmund
  2349 | D:4      | Noticed an ogre
  2360 | D:4      | Killed an ogre
  2360 | D:4      | Reached XP level 6. HP: 14/61 MP: 5/5
  2463 | D:4      | Found a sand-covered staircase.
  2483 | Ossuary  | Entered an ossuary
  2619 | Ossuary  | Reached skill level 1 in Shields
  2638 | Ossuary  | Reached skill level 4 in Fighting
  2648 | Ossuary  | Reached XP level 7. HP: 52/70 MP: 6/6
  2854 | D:4      | Killed Edmund
  2854 | D:4      | Reached skill level 5 in Unarmed Combat
  3069 | D:4      | Found a blossoming altar of Fedhas.
  3290 | D:5      | Entered Level 5 of the Dungeon
  3539 | D:5      | Reached skill level 5 in Throwing
  3539 | D:5      | Reached XP level 8. HP: 45/79 MP: 7/7
  3727 | D:5      | Reached skill level 5 in Fighting
  4646 | D:6      | HP: 4/81 [orc warrior/+0 long sword (3)]
  5334 | D:7      | Found a staircase to the Ecumenical Temple.
  5346 | Temple   | Entered the Ecumenical Temple
  5353 | Temple   | Became a worshipper of Warmaster Okawaru
  5621 | D:7      | Found Yntiez's Distillery.
  5630 | D:7      | Bought a potion of might for 52 gold pieces
  5958 | D:7      | Noticed a hippogriff
  5969 | D:7      | Killed a hippogriff
  5969 | D:7      | Reached skill level 6 in Fighting
  5969 | D:7      | Reached XP level 9. HP: 43/89 MP: 8/8
  6263 | D:8      | Reached * piety under Okawaru
  6713 | D:8      | Found a sparkling altar of Nemelex Xobeh.
  6714 | D:8      | Found a white marble altar of Elyvilon.
  6714 | D:8      | Found a hide-covered altar of Uskayaw.
  6718 | D:8      | Found a hazy altar of Hepliaklqana.
  6741 | D:8      | Found a glowing silver altar of Zin.
  6741 | D:8      | Found a radiant altar of Vehumet.
  7023 | D:9      | Noticed a troll
  7034 | D:9      | Killed a troll
  7034 | D:9      | Reached skill level 1 in Invocations
  7160 | D:9      | Reached skill level 5 in Shields
  7236 | D:9      | Reached ** piety under Okawaru
  7248 | D:9      | Reached skill level 7 in Fighting
  7274 | D:9      | Reached XP level 10. HP: 40/102 MP: 7/10
  7337 | D:9      | Found a staircase to the Orcish Mines.
  7470 | D:9      | Reached *** piety under Okawaru
  7795 | Orc:1    | Entered Level 1 of the Orcish Mines
  7800 | Orc:1    | Noticed an orc knight
  7800 | Orc:1    | Noticed an orc knight
  7911 | D:10     | Entered Level 10 of the Dungeon
  7911 | D:10     | Noticed an unseen horror
  7921 | D:10     | Killed an unseen horror
  8032 | D:10     | Noticed Josephine
  8047 | D:10     | Received a gift from Okawaru
  8062 | D:10     | Killed Josephine
  8062 | D:10     | Reached **** piety under Okawaru
  8062 | D:10     | Reached skill level 8 in Fighting
  8276 | D:10     | Noticed a gargoyle
  8288 | D:10     | Killed a gargoyle
  8288 | D:10     | Reached XP level 11. HP: 106/113 MP: 13/13
  8324 | D:10     | Noticed Harold
  8339 | D:10     | Killed Harold
  8339 | D:10     | Reached ***** piety under Okawaru
  8426 | D:10     | Found Lokair's Jewellery Boutique.
  8426 | D:10     | Noticed a two-headed ogre
  8431 | D:10     | Paralysed by a hornet for 1 turns
  8435 | D:10     | Killed a two-headed ogre
  8518 | D:10     | Found a staircase to the Lair.
  8666 | D:10     | Reached skill level 9 in Fighting
  8785 | Lair:1   | Entered Level 1 of the Lair of Beasts
  8785 | Lair:1   | Noticed a catoblepas
  8814 | D:11     | Noticed a white ugly thing
  8819 | D:11     | Noticed a two-headed ogre
  8829 | D:10     | Killed a white ugly thing
  8861 | D:11     | Killed a two-headed ogre
  8995 | D:11     | Noticed a death knight
  8995 | D:11     | Noticed a skeletal warrior
  8995 | D:11     | Noticed a six-headed hydra
  9015 | D:11     | Killed a six-headed hydra
  9028 | D:11     | Killed a death knight
  9034 | D:11     | Killed a skeletal warrior
  9034 | D:11     | Reached ****** piety under Okawaru
  9034 | D:11     | Received a gift from Okawaru
  9206 | D:11     | Noticed a purple ugly thing
  9221 | D:11     | Killed a purple ugly thing
  9271 | D:11     | Found Uphosack's General Store.
  9630 | D:12     | Reached skill level 10 in Fighting
  9630 | D:12     | Reached XP level 12. HP: 125/126 MP: 14/14
  9804 | D:12     | Noticed a two-headed ogre
  9817 | D:12     | Killed a two-headed ogre
 10257 | D:12     | Noticed an eight-headed hydra
 10262 | D:12     | Slain by a nine-headed hydra

Illustrated notes

Levels and vault maps discovered:
D:1:      dpeg_arrival_round_c, layout_basic, hangedman_feature_mirror
D:2:      layout_basic
D:3:      layout_loops_ring, minmay_crystal_water, uniq_natasha, uniq_robin
D:4:      layout_cave_pools, marbit_many_paths, nicolae_ossuary_entry_ruins,
          solitary_fountain, uniq_edmund
D:5:      wad_pebble_path, layout_loops_corners
D:6:      layout_basic
D:7:      layout_basic, minmay_temple_entry_offerings, serial_shops, shop,
          hangedman_decor_riveting, kennysheep_generic_room_15
D:8:      layout_cave_pools, gammafunk_temple_overflow_elements, minitemple,
          st_stairs_6
D:9:      layout_rooms, zombieorc1_lemuel, kennysheep_cross_room
D:10:     layout_cave_pools, david_lair_shrubbed, serial_shops,
          nicolae_shop_stone, uniq_harold, uniq_josephine
D:11:     statuecave_lemuel, layout_rooms, serial_shops, shop
D:12:     layout_cave_pods
Temple:   nicolae_temple_no_exploring_needed
Lair:1:   layout_big_grid, lemuel_old_faithful, lemuel_fruit_tree,
          uniq_gastronok
Orc:1:    layout_caves, serial_shops, shop

Skill      XL: |  1  2  3  4  5  6  7  8  9 10 11 |
---------------+----------------------------------+-----
Unarmed Combat | 1 2 3 4 5 6 7 9 |  9.2
Fighting       | 2 3 4 6 7 8 10 | 10.2
Throwing       | 4 5 6 7 8 |  8.6
Shields        | 1 2 4 5 6 7 |  7.9
Invocations    | 2 4 |  4.0
Dodging        | |  1.5
Stealth        | |  0.3

Action                   |  1- 3 |  4- 6 |  7- 9 | 10-12 || total
-------------------------+-------+-------+-------+-------++-------
Melee: Unarmed           |   101 |   235 |   461 |   456 ||  1253
       Punch             |     3 |       |       |       ||     3
Throw: Large rock        |       |     1 |     4 |     3 ||     8
       Boomerang         |       |       |     2 |    23 ||    25
       Throwing net      |       |       |     2 |       ||     2
       Stone             |       |       |     1 |       ||     1
       Dart              |       |       |       |     3 ||     3
       Javelin           |       |       |       |    11 ||    11
Invok: Heroism           |       |       |     1 |     3 ||     4
       Finesse           |       |       |       |     1 ||     1
Evoke: Wand              |       |       |       |     1 ||     1
  Use: Scroll            |       |       |    10 |     5 ||    15
       Potion            |       |       |     5 |     3 ||     8
 Stab: Sleeping          |     3 |       |     1 |       ||     4
       Distracted        |     1 |       |       |       ||     1
       Held in net/web   |       |       |     1 |       ||     1
Armor: Robe              |    35 |    77 |   124 |    10 ||   246
       Skin              |       |       |    10 |       ||    10
       Troll leather arm |       |       |     9 |   101 ||   110
Dodge: Dodged            |    52 |    77 |    94 |   126 ||   349
Block: Kite shield       |       |    59 |   226 |   254 ||   539

Table legend: (Time is in decaauts)
 A = Elapsed time spent in this place.
 B = Non-inter-level travel time spent in this place.
 C = Inter-level travel time spent in this place.
 D = Time resting spent in this place.
 E = Time spent auto-exploring this place.
 F = Levels seen in this place.
 G = Mean time per level.
                   A        B        C        D        E       F      G
               +--------+--------+--------+--------+--------+-----+--------+
         Total |  10190 |   9861 |    329 |    809 |   6574 |  16 |  636.9 |
       Dungeon |   9824 |   9495 |    329 |    806 |   6424 |  12 |  818.7 |
        Temple |     14 |     14 |      0 |      0 |      0 |   1 |   14.0 |
          Lair |      1 |      1 |      0 |      0 |      0 |   1 |    1.0 |
  Orcish Mines |      9 |      9 |      0 |      0 |      0 |   1 |    9.0 |
       Ossuary |    339 |    339 |      0 |      3 |    150 |   1 |  339.0 |
               +--------+--------+--------+--------+--------+-----+--------+

Top non-repeatable levels by time:
     D:9: 1099 daAuts
     D:7: 996 daAuts
     D:6: 949 daAuts
    D:10: 927 daAuts
     D:5: 926 daAuts
     D:2: 885 daAuts
     D:3: 820 daAuts
    D:11: 755 daAuts
     D:4: 648 daAuts
    D:12: 624 daAuts
     D:8: 596 daAuts
     D:1: 594 daAuts
 Ossuary: 339 daAuts
  Temple: 14 daAuts
   Orc:1: 9 daAuts
